 Dungeon Crawl Stone Soup version 0.21.1-1-g345015fe64 (webtiles) character file.

1967 Henning the Cleaver (level 9, 0/118 HPs)
             Began as a Minotaur Berserker on June 15, 2018.
             Was an Elder of Trog.
             Slain by an orc warrior
             ... wielding a +0 halberd
              (6 damage)
             ... on level 6 of the Dungeon.
             The game lasted 00:11:09 (3858 turns).

Henning the Cleaver (Minotaur Berserker)            Turns: 3858, Time: 00:11:10

Health: 0/118      AC: 13    Str: 30    XL:     9   Next: 0%
Magic:  8/8        EV:  9    Int:  4    God:    Trog [****..]
Gold:   255        SH:  0    Dex: 10    Spells: 8/8 levels left

rFire    + + .     SeeInvis .   z - +0 hand axe (freeze)
rCold    x . .     Gourm    .   (no shield)
rNeg     . . .     Faith    .   A - +0 plate armour
rPois    .         Spirit   .   (helmet restricted)
rElec    .         Reflect  .   (no cloak)
rCorr    .         Harm     .   (no gloves)
MR       .....                  (no boots)
Stlth    ..........             (no amulet)
HPRegen  0.29/turn              v - ring of protection from fire
MPRegen  0.11/turn              y - ring of fire (curse)

@: berserking, very quick
A: retaliatory headbutt, horns 2
a: Berserk, Trog's Hand, Brothers in Arms, Burn Spellbooks, Renounce Religion


You were on level 6 of the Dungeon.
You worshipped Trog.
Trog was greatly pleased with you.
You were very hungry.

You visited 1 branch of the dungeon, and saw 6 of its levels.

You collected 255 gold pieces.

Inventory:

Hand Weapons
 p - a +0 war axe
 z - a +0 hand axe of freezing (weapon)
Missiles
 k - 14 tomahawks (quivered)
Armour
 A - a +0 plate armour (worn)
Jewellery
 v - a ring of protection from fire (left hand)
 y - a cursed ring of fire (right hand)
Wands
 t - a wand of disintegration (12)
Scrolls
 a - a scroll of teleportation {unknown}
 e - a scroll of fear {unknown}
 f - 2 scrolls of blinking {unknown}
 i - 3 scrolls of identify {unknown}
 j - a scroll of remove curse {unknown}
 n - 2 scrolls of amnesia {unknown}
 u - a scroll of enchant armour {unknown}
 w - 2 scrolls of enchant weapon {unknown}
 x - a scroll of random uselessness {unknown}
Potions
 d - 3 potions of curing {unknown}
 g - a potion of flight {unknown}
 h - 2 potions of haste {unknown}
 l - a potion of brilliance {unknown}
 m - 2 potions of lignification {unknown}
 o - 2 potions of heal wounds {unknown}
 r - a potion of cancellation {unknown}
 s - a potion of mutation {unknown}
Comestibles
 b - 7 chunks of flesh
 c - 8 rations


   Skills:
 + Level 7.5 Fighting
 + Level 10.2 Axes
 + Level 7.4 Armour
 + Level 3.4 Dodging
 + Level 0.6 Stealth


You had 8 spell levels left.
You didn't know any spells.

Dungeon Overview and Level Annotations

Branches:
Dungeon (6/15)
 Temple: D:4-7

Altars:
Ashenzari
Fedhas
Qazlal
Trog
Uskayaw
Zin
The Shining One


Innate Abilities, Weirdness & Mutations

You reflexively headbutt those who attack you in melee.
You have a pair of horns on your head.


Message History

The orc warrior is heavily wounded.
The orc warrior hits you with a halberd!
You hit the orc warrior. You freeze the orc warrior.
Your headbutt misses the orc warrior.
The orc warrior is severely wounded.
You barely miss the orc warrior.
The orc warrior is severely wounded.
The orc warrior barely misses you.
You hit the orc warrior. You freeze the orc warrior.
You headbutt the orc warrior!
The orc warrior is almost dead.
The orc warrior hits you with a halberd!!
* * * LOW HITPOINT WARNING * * *
A red film seems to cover your vision as you go berserk!
You feel yourself moving faster!
You feel mighty!
You are feeling very hungry.
You barely miss the orc warrior.
The orc warrior is almost dead.
The orc warrior hits you with a halberd.
You die...

#....#......# #.<.
#..).)......# #...
#..))#.....#######+#
#..#
#..)##.....#........
#####..#
#...##.....#........
+......#
#..........'........
#......+
#..........#........
#......#
....##.....#o.......
#......#
##...##.....#@.......
#......#
...........#........
##.#####
######......#.....#+#
#.###..
#......#.....#
#...'..
#..#####.....+
+...#.. ......#
#...#.. .......#
#####.. ........#
#...... .........+
.........


You could see an orc warrior.

Vanquished Creatures
  The ghost of Araneus the Insei, a novice DsMo of Makhleb (D:5)
  The ghost of Tali the Skirmisher, an amateur MiFi (D:4)
  A sky beast (D:6)
  2 ogres (D:6)
  2 centaurs (D:5)
  3 scorpions
  2 crimson imps (D:5)
  3 bullfrog zombies
  2 jellies
  An orc priest (D:5)
  3 hounds
  5 orc wizards
  A centaur skeleton (D:4)
  An iguana (D:5)
  4 worker ants
  A hound skeleton (D:6)
  A worker ant zombie (D:5)
  3 gnolls (D:6)
  A howler monkey skeleton (D:4)
  10 adders
  An ooze (D:1)
  An adder skeleton (D:4)
  2 worms (D:3)
  3 dart slugs
  4 leopard geckos
  17 orcs
  A ball python (D:1)
  2 giant cockroaches (D:2)
  6 hobgoblins
  6 jackals
  A quokka (D:5)
  A bat (D:1)
  5 frilled lizards
  5 goblins
  2 jackal skeletons (D:4)
  6 kobolds
  A leopard gecko skeleton (D:4)
  11 rats
123 creatures vanquished.

Notes
Turn   | Place    | Note
-------+----------+-------------------------------------------
     0 | D:1      | Henning the Minotaur Berserker began the quest for the Orb.
     0 | D:1      | Reached XP level 1. HP: 19/19 MP: 0/0
   128 | D:1      | Found a shattered altar of Ashenzari.
   376 | D:1      | Reached skill level 4 in Axes
   376 | D:1      | Reached XP level 2. HP: 26/27 MP: 1/1
   651 | D:1      | Reached XP level 3. HP: 33/33 MP: 2/2
   848 | D:2      | Found a hide-covered altar of Uskayaw.
   850 | D:2      | Noticed a hand axe
   850 | D:2      | Noticed a hand axe
  1058 | D:2      | Reached ** piety under Trog
  1490 | D:3      | Reached XP level 4. HP: 39/41 MP: 3/3
  1776 | D:3      | Reached skill level 5 in Axes
  1976 | D:4      | Reached XP level 5. HP: 46/47 MP: 4/4
  2037 | D:4      | Reached skill level 5 in Fighting
  2103 | D:4      | Reached skill level 6 in Axes
  2103 | D:4      | Reached XP level 6. HP: 33/56 MP: 5/5
  2262 | D:4      | Found a glowing golden altar of the Shining One.
  2263 | D:4      | Found a glowing silver altar of Zin.
  2263 | D:4      | Found a bloodstained altar of Trog.
  2263 | D:4      | Noticed Tali's ghost (amateur MiFi)
  2272 | D:4      | Killed Tali's ghost
  2272 | D:4      | Reached skill level 7 in Axes
  2272 | D:4      | Reached XP level 7. HP: 63/63 MP: 6/6
  2367 | D:4      | Reached *** piety under Trog
  2469 | D:4      | Reached skill level 5 in Armour
  2497 | D:5      | Entered Level 5 of the Dungeon
  2526 | D:5      | Noticed Araneus's ghost (novice DsMo)
  2540 | D:5      | Killed Araneus's ghost
  2540 | D:5      | Reached skill level 8 in Axes
  2601 | D:5      | Reached XP level 8. HP: 35/71 MP: 7/7
  3004 | D:5      | Reached skill level 9 in Axes
  3012 | D:5      | Found a blossoming altar of Fedhas.
  3550 | D:6      | Reached **** piety under Trog
  3585 | D:6      | Found a stormy altar of Qazlal.
  3588 | D:6      | Noticed an air elemental
  3796 | D:6      | Reached skill level 10 in Axes
  3817 | D:6      | Reached XP level 9. HP: 36/79 MP: 8/8
  3858 | D:6      | Slain by an orc warrior

Skill      XL: |  1  2  3  4  5  6  7  8 |
---------------+-------------------------+-----
Axes           | 4 5 6 7 8 10 | 10.2
Fighting       | 4 5 6 7 |  7.5
Armour         | 3 4 5 7 |  7.4
Dodging        | 3 |  3.4
Stealth        | |  0.6

Action                   |  1- 3 |  4- 6 |  7- 9 || total
-------------------------+-------+-------+-------++-------
Melee: Hand axe          |    83 |     7 |   133 ||   223
       Headbutt          |    10 |    11 |    35 ||    56
       War axe           |       |    61 |    25 ||    86
Invok: Burn Spellbooks   |     1 |       |     2 ||     3
       Berserk           |       |     1 |     2 ||     3
  Eat: Chunk             |     2 |     2 |     7 ||    11
Armor: Leather armour    |    13 |       |       ||    13
       Animal skin       |     1 |       |       ||     1
       Ring mail         |     5 |     1 |       ||     6
       Scale mail        |       |    28 |    13 ||    41
       Plate armour      |       |       |    56 ||    56
Dodge: Dodged            |    50 |    43 |    56 ||   149
